 Dungeon Crawl Stone Soup version 0.26.0-10-g1f06aea511 (webtiles) character file.

Game seed: 4454186542506742942

1270 Arum the Ruffian (level 8, 0/71 HPs)
             Began as a Ghoul Gladiator on Jan 19, 2021.
             Was an Elder of Cheibriados.
             Killed from afar by an electric eel (10 damage)
             ... with a bolt of electricity
             ... on level 6 of the Dungeon.
             The game lasted 00:05:59 (4551 turns).

Arum the Ruffian (Ghoul Gladiator)                  Turns: 4551, Time: 00:06:00

Health: 0/71       AC:  9    Str: 30    XL:     8   Next: 53%
Magic:  7/7        EV: 16    Int: 13    God:    Cheibriados [****..]
Gold:   368        SH:  0    Dex: 20    Spells: 7/7 levels left

rFire    . . .     SeeInvis .     - Unarmed
rCold    + . .     Faith    .   (no shield)
rNeg     + + +     Spirit   .   y - +0 troll leather armour {Purgy}
rPois    ∞         Reflect  .   b - +0 helmet
rElec    .         Harm     .   n - +2 cloak
rCorr    .         Rampage  .   (no gloves)
Will     .....                  v - +0 pair of boots
Stlth    +.........             (no amulet)
HPRegen  0.00/turn              (no ring)
MPRegen  0.10/turn              (no ring)

@: very slow
A: claws 1, cold resistance 1, negative energy resistance 3, inhibited
regeneration, torment resistance, unbreathing
a: Renounce Religion, Bend Time, Temporal Distortion, Slouch


You were on level 6 of the Dungeon.
You worshipped Cheibriados.
Cheibriados was greatly pleased with you.
You visited 1 branch of the dungeon, and saw 6 of its levels.
You also visited: Sewer.

You collected 368 gold pieces.

Inventory:

Missiles
 c - 3 throwing nets (quivered)
 i - 8 atropa-tipped darts
 C - 3 javelins
 D - 11 poisoned darts
Armour
 b - a +0 helmet (worn)
 n - a +2 cloak (worn)
 v - a +0 pair of boots (worn)
 y - a +0 troll leather armour (worn) {Purgy}
Jewellery
 k - an uncursed ring of ice
Wands
 r - a wand of iceblast (9)
 F - a wand of disintegration (13)
Scrolls
 a - 3 scrolls of remove curse
 d - a scroll of enchant armour
 e - a scroll of amnesia
 j - 4 scrolls of identify
 s - a scroll of blinking {unknown}
 t - 5 scrolls of teleportation
 x - 3 scrolls of fear {unknown}
 A - a scroll of vulnerability {unknown}
 B - a scroll of magic mapping {unknown}
Potions
 f - a potion of ambrosia {unknown}
 g - 2 potions of brilliance {unknown}
 h - a potion of lignification {unknown}
 l - 3 potions of attraction {unknown}
 m - 2 potions of resistance {unknown}
 o - 3 potions of curing
 p - 3 potions of heal wounds
 q - 2 potions of flight {unknown}
 u - a potion of berserk rage {unknown}
 w - a potion of cancellation {unknown}
 z - 3 potions of invisibility {unknown}
 E - a potion of degeneration {unknown}


   Skills:
 + Level 6.7 Fighting
 - Level 1.7 Throwing
 + Level 5.9 Dodging
 + Level 7.1 Unarmed Combat


You had 7 spell levels left.
You didn't know any spells.
Your spell library was empty.

Dungeon Overview and Level Annotations

Branches:
Dungeon (6/15)             Temple (0/1) D:5           Sewer (visited)

Altars:
Cheibriados
Elyvilon
Nemelex Xobeh


Innate Abilities, Weirdness & Mutations

You thrive by killing the living.
You are immune to poison.
You have sharp fingernails.
Your flesh is cold resistant. (rC+)
You are immune to negative energy. (rN+++)
You do not regenerate when monsters are visible.
You are immune to unholy pain and torment.
You can survive without breathing.


Message History

You start resting.
HP restored.
The electric eel shoots out a bolt of lightning at you!
The bolt of electricity hits you!
The electric eel shoots out a bolt of lightning at you!
The bolt of electricity hits you! The bolt of electricity hits you.
The electric eel shoots out a bolt of lightning at you!
The bolt of electricity hits you! The bolt of electricity hits you.
You scratch the electric eel.
The electric eel is moderately wounded.
The electric eel shoots out a bolt of lightning at you!
The bolt of electricity hits you! x2
* * * LOW HITPOINT WARNING * * *
You closely miss the electric eel.
The electric eel is moderately wounded.
The electric eel shoots out a bolt of lightning at you!
The bolt of electricity hits you!
* * * LOW HITPOINT WARNING * * *
The bolt of electricity hits you!
You die...

#.## #. #..# . #.#
#.## .. #.# #.# ##
...##.###.# ..#
......##.#####....
#.............#
#?.....[......#
#.≈....@P..≈≈.#
#.≈≈≈≈P.;≈≈P≈.#
#.≈≈P≈≈≈≈≈≈≈≈.#
#.≈≈≈≈≈≈PP≈≈≈.#
#.≈≈≈≈PP≈≈≈P≈.#
#..≈≈PP≈≈≈≈PP≈..
#.♣≈≈≈≈≈≈≈P≈P≈♣.
#.♣P≈≈≈≈≈≈≈≈≈≈♣
#.♣♣≈≈≈≈≈≈≈≈


You could see an electric eel.

Vanquished Creatures
  Eustachio (D:4)
  Purgy (Sewer)
  2 ogres (D:4)
  2 scorpions
  2 howler monkeys (D:4)
  An electric eel (D:6)
  2 hounds (D:4)
  6 orc priests
  4 orc wizards
  An iguana (D:4)
  2 worker ants
  10 adders
  2 worms
  2 dart slugs
  4 leopard geckos
  16 orcs
  2 ball pythons
  10 bats
  8 giant cockroaches
  13 hobgoblins
  8 jackals
  10 kobolds
  A quokka (D:2)
  6 frilled lizards
  4 goblins
  10 rats
130 creatures vanquished.

Vanquished Creatures (others)
  2 plants (D:6)
2 creatures vanquished.

Grand Total: 132 creatures vanquished

Notes
Turn   | Place    | Note
-------+----------+-------------------------------------------
     0 | D:1      | Arum the Ghoul Gladiator began the quest for the Orb.
     0 | D:1      | Reached XP level 1. HP: 17/17 MP: 0/0
   270 | D:1      | Reached XP level 2. HP: 25/25 MP: 1/1
  1066 | D:2      | Reached XP level 3. HP: 30/30 MP: 2/2
  1257 | D:2      | Reached skill level 4 in Unarmed Combat
  1272 | D:2      | Reached XP level 4. HP: 24/38 MP: 3/3
  1500 | D:2      | Found a faded altar of an unknown god.
  1519 | D:2      | Became a worshipper of Cheibriados the Contemplative
  1519 | D:2      | Reached * piety under Cheibriados
  1747 | D:2      | Found a white marble altar of Elyvilon.
  2013 | D:3      | Reached ** piety under Cheibriados
  2137 | D:3      | Reached XP level 5. HP: 42/46 MP: 4/4
  2624 | D:3      | Reached XP level 6. HP: 49/52 MP: 5/5
  2633 | D:3      | Reached *** piety under Cheibriados
  2638 | D:3      | Reached skill level 5 in Unarmed Combat
  3121 | D:4      | Reached XP level 7. HP: 60/60 MP: 6/6
  3126 | D:4      | Reached skill level 5 in Fighting
  3144 | D:4      | Noticed Eustachio
  3165 | D:4      | Killed Eustachio
  3166 | D:4      | Reached skill level 5 in Dodging
  3166 | D:4      | Reached skill level 6 in Unarmed Combat
  3254 | D:4      | Found a glowing drain.
  3263 | Sewer    | Entered a sewer
  3314 | Sewer    | Noticed Purgy
  3320 | Sewer    | Killed Purgy
  3321 | Sewer    | Reached XP level 8. HP: 64/70 MP: 7/7
  3528 | D:4      | Reached **** piety under Cheibriados
  3598 | D:4      | Found a sparkling altar of Nemelex Xobeh.
  4032 | D:5      | Entered Level 5 of the Dungeon
  4151 | D:5      | Found a staircase to the Ecumenical Temple.
  4264 | D:5      | Reached skill level 7 in Unarmed Combat
  4551 | D:6      | Killed from afar by an electric eel

Illustrated notes

Levels and vault maps discovered:
D:1:      grunt_arrival_crossed_arrows, layout_loops_corners
D:2:      layout_basic, elyvilon_altar_5, chequers_ecumenical_altar_lobes,
          minmay_3d_cube
D:3:      minmay_thinvault, layout_basic, dk_vineyard_1
D:4:      layout_loops_ring, marbit_many_paths, portal_sewer_entry_d,
          uniq_eustachio
D:5:      layout_rooms, minmay_temple_entry_enclosed_plants
D:6:      layout_basic, lemuel_round_altar, general_overflow_altar,
          serial_bayou, serial_bayou_shore_b, serial_bayou_pond_d,
          serial_bayou_shore_a, serial_bayou_pond_d, kennysheep_pointless_box

Skill      XL: |  1  2  3  4  5  6  7  8 |
---------------+-------------------------+-----
Dodging        | 3 4 5 |  5.9
Fighting       | 3 4 6 |  6.7
Unarmed Combat | 4 5 6 7 |  7.1
Throwing       | |  1.7

Action                   |  1- 3 |  4- 6 |  7- 9 || total
-------------------------+-------+-------+-------++-------
Melee: Unarmed           |   123 |   227 |   140 ||   490
       Punch             |       |    11 |     3 ||    14
  Use: Scroll            |       |       |     7 ||     7
 Stab: Sleeping          |       |       |     1 ||     1
Armor: Leather armour    |    48 |    28 |       ||    76
       Ring mail         |       |    43 |    30 ||    73
       Troll leather arm |       |       |    11 ||    11
Dodge: Dodged            |    83 |   150 |   109 ||   342
